 Dungeon Crawl Stone Soup version 0.25-a0-478-g33c61bd (webtiles) character file.

Game seed: 5628577493991884740, levelgen mode: deterministic

1010 15 the Ruffian (level 8, 32/63 HPs)
             Began as a Grey Draconian Transmuter on Feb 8, 2020.
             Was a Follower of Qazlal.
             Quit the game on level 5 of the Dungeon.
             The game lasted 00:22:56 (4618 turns).

15 the Ruffian (Grey Draconian Transmuter)          Turns: 4618, Time: 00:22:56

Health: 32/63      AC: 11    Str: 14    XL:     8   Next: 1%
Magic:  14/14      EV: 13    Int: 14    God:    Qazlal [*.....]
Gold:   76         SH:  2    Dex:  9    Spells: 5/15 levels left

rFire    . . .     SeeInvis .   j - +0 battleaxe "Spider's Bane" {venom, rElec rPois Dex-3 Stlth+} (curse)
rCold    . . .     Gourm    .   (shield currently unavailable)
rNeg     . . .     Faith    .   (armour unavailable)
rPois    +         Spirit   .   (helmet restricted)
rElec    +         Reflect  .   (no cloak)
rCorr    .         Harm     .   (no gloves)
MR       .....                  (no boots)
Stlth    ++........             (no amulet)
HPRegen  0.20/turn              (no ring)
MPRegen  0.14/turn              (no ring)

@: no status effects
A: walk through water, unfitting armour, unbreathing, cold-blooded, AC +11
a: Renounce Religion


You were on level 5 of the Dungeon.
You worshipped Qazlal.
Qazlal was aware of your devotion.
You were not hungry.

You visited 2 branches of the dungeon, and saw 6 of its levels.

You collected 294 gold pieces.
You spent 218 gold pieces at shops.

Inventory:

Hand Weapons
 d - a +1 scythe of protection
 j - the cursed +0 battleaxe "Spider's Bane" (weapon) {venom, rElec rPois Dex-3 Stlth+}
   (You bought it in a shop on level 5 of the Dungeon)

   It poisons the flesh of those it strikes.
   It affects your dexterity (-3).
   It insulates you from electricity.
   It protects you from poison.
   It makes you more stealthy.
   It has a curse placed upon it.
Missiles
 a - 32 arrows
Wands
 e - a wand of flame (8)
Scrolls
 b - 3 scrolls of identify
 g - a scroll of blinking
 l - a scroll of teleportation
 m - a scroll of random uselessness {unknown}
 n - 3 scrolls of enchant armour {unknown}
Potions
 h - a potion of might {unknown}
 i - a potion of haste {unknown}
 k - a potion of brilliance {unknown}
Comestibles
 c - 9 rations
 f - 8 chunks of flesh


   Skills:
 * Level 3.4 Fighting
 * Level 3.9 Dodging
 + Level 0.3 Stealth
 * Level 6.4 Unarmed Combat
 * Level 4.0 Spellcasting
 * Level 3.7 Transmutations
 + Level 1.0 Evocations


You had 5 spell levels left.
You knew the following spells:

 Your Spells              Type           Power        Failure   Level  Hunger
a - Beastly Appendage     Tmut           ##....       4%          1    None
b - Sticks to Snakes      Tmut           ##......     6%          2    ##.....
c - Spider Form           Tmut/Pois      #.........   26%         3    ###....
d - Ice Form              Ice/Tmut       #.......     65%         4    ####...

Your spell library contained the following spells:

 Spells                   Type           Power        Failure   Level  Hunger
 Blade Hands              Tmut           ##........   75%         5    ######.


Dungeon Overview and Level Annotations

Branches:
Dungeon (5/15)             Temple (1/1) D:4

Altars:
Ashenzari
Cheibriados
Dithmenos
Elyvilon
Fedhas
Gozag
Hepliaklqana
Kikubaaqudgha
Makhleb
Nemelex Xobeh
Okawaru
Qazlal
Ru
Sif Muna
Trog
Uskayaw
Vehumet
Wu Jian
Xom
Yredelemnul
Zin
The Shining One

Shops:
D:5 :(


Innate Abilities, Weirdness & Mutations

You can walk through water.
Your dull iron-grey scales are very hard. (AC +11)
You cannot fit into any form of body armour.
You can survive without breathing.
You are cold-blooded and may be slowed by cold attacks.


Message History

Things that are here:
a cursed -2 mace; a +0 leather armour; an orc skeleton
Things that are here:
a +6 trident; a +0 leather armour; an orc corpse You butcher the orc corpse.
f - 8 chunks of flesh (gained 2)
Things that are here:
a +6 trident; a +0 leather armour; an orc skeleton
Things that are here:
a +0 short sword x2
There is an entrance to Hupal's Antique Weapon Boutique here.
j - a scorched battleaxe Thank you for shopping at Hupal's Antique Weapon Boutique!
Unknown command.
You aren't carrying any wearable armour.
You feel clumsy.
The cursed +0 battleaxe "Spider's Bane" {venom, rElec rPois Dex-3 Stlth+} begins to drip with poison!
It sticks to your hand!
j - the cursed +0 battleaxe "Spider's Bane" (weapon)
{venom, rElec rPois Dex-3 Stlth+} Are you sure you want to abandon this character and quit the game? (Confirm with "yes".)

........^... ...#..........
.#..............####.##.........
............^................##.
.....#^.^.^.... ##......###.##
......#.... ...####.#..## .#
.........## ##...#..#..# .#
####..#..# #.......#.## # .#
..##. #.......#.## .##.. ... ...
#..@..##.รท#....# #.... .#
###.##.[)...# ...##
#.))............ ####
######..)............
#.....)####...#...... ...#....#
##.###..... #..... ..# .....
........ ... ....#
#......##...#.. ..##


There were no monsters in sight!

Vanquished Creatures
  Sigmund (D:4)
  Eustachio (D:4)
  An ogre (D:4)
  A scorpion (D:4)
  A howler monkey (D:4)
  2 centaur zombies (D:5)
  A bullfrog zombie (D:5)
  3 orc priests (D:5)
  4 orc wizards
  Terence (D:3)
  4 gnolls (D:3)
  7 adders
  2 oozes
  An adder skeleton (D:4)
  2 worms
  A dart slug (D:2)
  3 leopard geckos
  18 orcs
  8 bats
  7 giant cockroaches
  14 hobgoblins
  7 jackals
  3 quokkas
  3 ball pythons
  2 frilled lizards
  7 goblins
  A jackal skeleton (D:4)
  9 kobolds
  A leopard gecko skeleton (D:4)
  5 rats
121 creatures vanquished.

Vanquished Creatures (collateral kills)
  An orc (D:3)
1 creature vanquished.

Vanquished Creatures (others)
  An adder (D:3)
1 creature vanquished.

Grand Total: 123 creatures vanquished

Notes
Turn   | Place    | Note
-------+----------+-------------------------------------------
     0 | D:1      | 15 the Draconian Transmuter began the quest for the Orb.
     0 | D:1      | Reached XP level 1. HP: 16/16 MP: 3/3
    64 | D:1      | Reached XP level 2. HP: 10/23 MP: 3/5
    71 | D:1      | Learned a level 2 spell: Sticks to Snakes
   141 | D:1      | HP: 1/23 [kobold (3)]
   583 | D:1      | Reached XP level 3. HP: 23/28 MP: 6/6
   799 | D:1      | Learned a level 3 spell: Spider Form
  1149 | D:2      | Reached XP level 4. HP: 22/36 MP: 5/7
  1294 | D:2      | HP: 1/36 [quokka (5)]
  1295 | D:2      | Reached skill level 4 in Unarmed Combat
  2107 | D:3      | Noticed Terence
  2126 | D:3      | Killed Terence
  2229 | D:3      | Reached XP level 5. HP: 8/41 MP: 1/8
  3011 | D:3      | Found a radiant altar of Vehumet.
  3038 | D:3      | Found a bloodstained altar of Trog.
  3262 | D:4      | Noticed Sigmund
  3287 | D:4      | Killed Sigmund
  3287 | D:4      | Reached skill level 5 in Unarmed Combat
  3287 | D:4      | Reached XP level 6. HP: 37/49 MP: 10/10
  3347 | D:4      | Learned a level 4 spell: Ice Form
  3413 | D:4      | Found a staircase to the Ecumenical Temple.
  3440 | D:4      | Noticed Eustachio
  3452 | Temple   | Entered the Ecumenical Temple
  3836 | Temple   | Became a worshipper of Qazlal Stormbringer
  3922 | D:4      | Killed Eustachio
  3922 | D:4      | Your scales start taking on a dull iron-grey colour.
  3922 | D:4      | Reached XP level 7. HP: 50/56 MP: 5/11
  3922 | D:4      | Gained mutation: You can survive without breathing. [Grey
                  | Draconian growth]
  4257 | D:4      | Reached skill level 1 in Evocations
  4340 | D:5      | Entered Level 5 of the Dungeon
  4379 | D:5      | Reached skill level 6 in Unarmed Combat
  4453 | D:5      | Found Leurphaes's Book Shoppe.
  4544 | D:5      | Reached * piety under Qazlal
  4569 | D:5      | Found Hupal's Antique Weapon Boutique.
  4600 | D:5      | Reached XP level 8. HP: 29/63 MP: 12/14
  4617 | D:5      | Bought a scorched battleaxe for 218 gold pieces
  4617 | D:5      | Identified the cursed +0 battleaxe "Spider's Bane" {venom,
                  | rElec rPois Dex-3 Stlth+} (You bought it in a shop on level
                  | 5 of the Dungeon)
  4618 | D:5      | Quit the game

Levels and vault maps discovered:
D:1:      minmay_arrival_plants_in_alcoves, layout_rooms
D:2:      layout_basic
D:3:      layout_rooms, fiery_altar_vehumet, minmay_misc_feat_hallway,
          kennysheep_cross_bottleneck, bloody_trog, uniq_terence
D:4:      layout_basic, minmay_temple_entry_ruins, uniq_eustachio, uniq_sigmund
D:5:      layout_cave_pools, first_ration, serial_shops, kennysheep_mini, shop,
          shop, minmay_holes, minmay_misc_feat_rows
Temple:   kilobyte_greek_temple

Skill      XL: |  1  2  3  4  5  6  7 |
---------------+----------------------+-----
Dodging        | 2 3 |  3.9
Unarmed Combat | 4 5 6 |  6.4
Fighting       | 2 3 |  3.4
Spellcasting   | 3 4 |  4.0
Transmutations | 3 |  3.7
Evocations     | 1 |  1.0
Stealth        | |  0.3

Action                   |  1- 3 |  4- 6 |  7- 9 || total
-------------------------+-------+-------+-------++-------
Melee: Unarmed           |   134 |   226 |   108 ||   468
       Kick              |     7 |    11 |     4 ||    22
       Tailslap          |    11 |    10 |     7 ||    28
       Headbutt          |     3 |     5 |     8 ||    16
       Punch             |     3 |     2 |     1 ||     6
 Cast: Beastly Appendage |    15 |    20 |    13 ||    48
       Sticks to Snakes  |     1 |     5 |     3 ||     9
       Spider Form       |       |     2 |     2 ||     4
Evoke: Wand              |       |    14 |       ||    14
  Use: Potion            |       |     9 |     1 ||    10
       Scroll            |       |     9 |       ||     9
  Eat: Chunk             |     1 |     8 |     2 ||    11
       Ration            |       |     1 |       ||     1
Armor: Skin              |    57 |   105 |    27 ||   189
Dodge: Dodged            |   116 |   168 |    77 ||   361
Block: Other             |       |       |     2 ||     2

Table legend:
 A = Non-vault XP
 B = Vault XP
 C = Vault XP percentage of total XP
 D = Non-vault monster count
 E = Vault monster count
 F = Vault count percentage of total count
                 A         B        C        D         E       F
            +---------+---------+-------+---------+---------+-------
      Total |    1012 |     432 |  29.9 |     119 |       3 |   2.5
            +---------+---------+-------+---------+---------+-------
        D:1 |      65 |       0 |   0.0 |      28 |       0 |   0.0
        D:2 |      75 |       0 |   0.0 |      27 |       0 |   0.0
        D:3 |     163 |      36 |  18.1 |      24 |       1 |   4.0
        D:4 |     367 |     396 |  51.9 |      20 |       2 |   9.1
        D:5 |     342 |       0 |   0.0 |      20 |       0 |   0.0
            +---------+---------+-------+---------+---------+-------
